 Dungeon Crawl Stone Soup version 0.26.1 (webtiles) character file.

Game seed: 6800267925355994631

98 swilekon the Stinger (level 4, -4/27 HPs)
             Began as an Octopode Venom Mage on Feb 4, 2021.
             Slain by a leopard gecko (5 damage)
             ... on level 4 of the Dungeon.
             The game lasted 00:06:25 (2267 turns).

swilekon the Stinger (Octopode Venom Mage)          Turns: 2267, Time: 00:06:26

Health: -4/27      AC:  1    Str:  7    XL:     4   Next: 71%
Magic:  3/7        EV: 13    Int: 18    God:
Gold:   80         SH:  0    Dex: 12    Spells: 2/8 levels left

rFire    . . .     SeeInvis .   d - +0 dagger (venom)
rCold    . . .     Faith    .   (no shield)
rNeg     . . .     Spirit   .   (helmet restricted)
rPois    .         Reflect  .   (no amulet)
rElec    .         Harm     .   g - ring of willpower
rCorr    .         Rampage  .   (no ring)
Will     +....                  (no ring)
Stlth    +++.......             (no ring)
HPRegen  0.09/turn              (no ring)
MPRegen  0.10/turn              (no ring)
                                (no ring)
                                (no ring)

@: lethally poisoned (-4 -> -10)
A: almost no armour, stealthy swim, amphibious, 8 rings, constrict 8, camouflage
1, gelatinous body 1
a: no special abilities


You were on level 4 of the Dungeon.
You visited 1 branch of the dungeon, and saw 3 of its levels.

You collected 80 gold pieces.

Inventory:

Hand Weapons
 d - a +0 dagger of venom (weapon)
Jewellery
 g - a ring of willpower (left tentacle)
Potions
 b - a potion of magic {unknown}


   Skills:
 + Level 2.5 Dodging
 + Level 3.6 Stealth
 + Level 2.5 Spellcasting
 + Level 1.9 Transmutations
 * Level 4.7 Poison Magic


You had 2 spell levels left.
You knew the following spells:

 Your Spells              Type           Power        Failure   Level
a - Sting                 Tmut/Pois      56%          4%          1
b - Ignite Poison         Fire/Tmut/Pois 10%          21%         3
c - Poisonous Vapours     Pois/Air       20%          10%         2

Your spell library contained the following spells:

 Spells                   Type           Power        Failure   Level
 Olgreb's Toxic Radiance  Pois           19%          24%         4
 Mephitic Cloud           Conj/Pois/Air  7%           26%         3


Dungeon Overview and Level Annotations

Branches:
Dungeon (2/15)

Altars:

Shops:
D:4 *


Innate Abilities, Weirdness & Mutations

You cannot wear most types of armour.
You are very stealthy in the water. (Stealth+)
You are amphibious.
You can wear up to eight rings at the same time.
You can use your tentacles to constrict eight enemies at once.
Your skin changes colour to match your surroundings (Stealth+).
Your rubbery body absorbs attacks. (AC +1, EV +1)


Message History

You are more poisoned.
The worker ant poisons you!
It was a potion of curing.
You feel better. The worker ant barely misses you.
As you read the scroll labelled WEDONU SUFRU, it crumbles to dust.
It is a scroll of enchant armour.
You aren't carrying any armour which can be enchanted further.
The leopard gecko bites you. The worker ant bites you.
You are poisoned.
The worker ant poisons you!
As you read the scroll labelled VIHAEBL LALOOCIO, it crumbles to dust.
It is a scroll of amnesia.
Really abort (and waste the scroll)?
Okay, then.
You feel sick. The leopard gecko barely misses you. The worker ant bites you!
* * * LOW HITPOINT WARNING * * *
The leopard gecko closely misses you.
It was a potion of cancellation.
You feel magically purged.
* * * LOW HITPOINT WARNING * * *
You feel sick. The worker ant closely misses you. The leopard gecko bites you.
You die...

.... ....... .....# .....
..... .... ..... ...
##..## .....# ###.# #....#
.....##.#.######....##
#.).#..............#
#.......#.##.......#
#..#.$.......##..∩...##.
#....$.#..#..B@........>.#
#.##....#.#.#l......##..##
##..##.###.......# .#
##..... #.##....# ..
....!....##....# ..
..........##.##... .
............#.#...##
..=...... .# .#


You could see a worker ant and a leopard gecko.

Vanquished Creatures
  A worker ant (D:4)
  2 adders (D:2)
  2 gnolls (D:2)
  A worm (D:4)
  A leopard gecko (D:2)
  2 giant cockroaches (D:2)
  3 hobgoblins
  5 jackals
  6 kobolds
  3 ball pythons (D:2)
  2 bats (D:1)
  A frilled lizard (D:1)
  6 goblins
  2 rats
37 creatures vanquished.

Notes
Turn   | Place    | Note
-------+----------+-------------------------------------------
     0 | D:1      | swilekon the Octopode Venom Mage began the quest for the
                  | Orb.
     0 | D:1      | Reached XP level 1. HP: 11/11 MP: 3/3
   312 | D:1      | Reached XP level 2. HP: 17/17 MP: 3/5
   517 | D:1      | Reached skill level 4 in Poison Magic
  1083 | D:2      | Reached XP level 3. HP: 16/21 MP: 3/6
  1777 | D:2      | Reached XP level 4. HP: 16/27 MP: 4/7
  1939 | D:2      | Learned a level 3 spell: Ignite Poison
  1942 | D:2      | Learned a level 2 spell: Poisonous Vapours
  2156 | D:2      | You fall into a shaft and drop 2 floors!
  2156 | D:4      | Found Ogetok's Assorted Antiques.
  2267 | D:4      | HP: 1/27 [poisoned by a worker ant]
  2267 | D:4      | Slain by a leopard gecko

Illustrated notes

Levels and vault maps discovered:
D:1:      psy_arrival_fountain, layout_loops_ring
D:2:      layout_rooms, gammafunk_temple_overflow_pools
D:4:      layout_cave_pools, serial_shops, shop

Skill      XL: |  1  2 |
---------------+-------+-----
Stealth        | 3 |  3.6
Poison Magic   | 4 |  4.7
Dodging        | |  2.5
Spellcasting   | |  2.5
Transmutations | |  1.9

Action                   |  1- 3 |  4- 6 || total
-------------------------+-------+-------++-------
Melee: Unarmed           |     3 |       ||     3
       Tentacles         |     3 |       ||     3
       Constrict         |     4 |       ||     4
       Dagger            |     7 |       ||     7
 Cast: Sting             |    43 |     5 ||    48
       Poisonous Vapours |       |     9 ||     9
  Use: Scroll            |       |     2 ||     2
       Potion            |       |     2 ||     2
Armor: Skin              |     2 |       ||     2
Dodge: Dodged            |    13 |     9 ||    22
